 Dungeon Crawl Stone Soup version bcrawl-1.39.2 (webtiles) character file.

Game seed: 16067426984531487795

449011 KristoblXynda the Fencer (level 13, -2/114 HPs)
             Began as a Purple Draconian Gladiator on Oct 11, 2023.
             Was an Initiate of Gozag.
             Killed from afar by an ice statue (15 damage)
             ... with a freezing cloud
             ... in an ice cave.
             The game lasted 00:27:26 (17791 turns).

KristoblXynda the Fencer (DrGl)                    Turns: 17791, Time: 00:27:27

Health: -2/114     AC: 13    Str: 22    XL:     13   Next: 95%
Magic:  22/22      EV: 25    Int: 19    God:    Gozag
Gold:   1795       SH: 23    Dex: 24    Spells: 19/24 levels left

rFire    + . .     GDR:     34% J - +6 scimitar "Obaej" {drain, rF+ Str+4}
rCold    . . .     SeeInvis .   l - +2 buckler of Lanuiq {Int+7 Dex+5 Stlth-}
rNeg     + . .     Gourm    .   (armour unavailable)
rPois    .         Faith    .   b - +2 hat
rElec    .         Spirit   .   (no cloak)
rCorr    .         Reflect  +   I - +0 pair of fencer's gloves {Riposte Dex+6}
MR       ++...                  M - +1 pair of boots
Stlth    +.........             G - +6 amulet of reflection
HPRegen  0.29/turn              F - ring "Touwup" {+Fly rN+}
MPRegen  0.18/turn              a - ring of protection from magic

@: flying, slowed, very slow
A: breathe power, unfitting armour, cold-blooded, AC +8
a: Breathe Dispelling Energy, Potion Petition, Call Merchant, Bribe Branch,
Renounce Religion, Stop Flying


You were in an ice cave.
You worshipped Gozag.
Gozag was most pleased with you.
You were not hungry.

You visited 3 branches of the dungeon, and saw 16 of its levels.
You also visited: Ossuary and Ice Cave.

You collected 5006 gold pieces.
You spent 3057 gold pieces at shops.
You paid 154 gold pieces to Gozag.

Inventory:

Hand Weapons
 B - a +5 scimitar of flaming
 J - the +6 scimitar "Obaej" (weapon) {drain, rF+ Str+4}
   (You bought it in a shop on level 11 of the Dungeon)

   A truly terrible weapon, it drains the life of those it strikes.
   It affects your strength (+4).
   It protects you from fire.
Missiles
 c - 4 throwing nets {=f}
Armour
 b - a +2 hat (worn)
 l - the +2 buckler of Lanuiq (worn) {Int+7 Dex+5 Stlth-}
   (You bought it in a shop on level 5 of the Dungeon)

   It affects your intelligence (+7).
   It affects your dexterity (+5).
   It makes you less stealthy.
 I - the +0 pair of fencer's gloves (worn) {Riposte Dex+6}
   (You bought it in a shop on level 5 of the Dungeon)

   It affects your dexterity (+6).
 M - a +1 pair of boots (worn)
Jewellery
 a - a ring of protection from magic (right hand)
 n - an uncursed ring of stealth
 r - the ring of the Harvest {+Fly rElec Str-4 Stlth--}
   (You found it on level 9 of the Dungeon)

   [ring of attention]

   It affects your strength (-4).
   It insulates you from electricity.
   It lets you fly.
   It makes you much less stealthy.
 u - an uncursed ring of protection from fire
 F - the ring "Touwup" (left hand) {+Fly rN+}
   (You found it on level 11 of the Dungeon)

   [ring of flight]

   It protects you from negative energy.
   It lets you fly.
 G - a +6 amulet of reflection (around neck)
 H - the ring "Garetzun" {Fire Str+4 SInv Stlth-}
   (You found it on level 2 of the Lair of Beasts)

   [ring of fire]

   It enhances your fire magic.
   It affects your strength (+4).
   It protects you from fire.
   It makes you vulnerable to cold.
   It lets you see invisible.
   It makes you less stealthy.
Wands
 L - a wand of iceblast (11)
Scrolls
 d - 12 scrolls of teleportation
 o - 5 scrolls of immolation
 s - 6 scrolls of enchant armour
 v - a scroll of fog
 y - 3 scrolls of amnesia
 C - a scroll of vulnerability
 E - 2 scrolls of blinking
 K - 2 scrolls of fear
 N - a scroll of remove curse
Potions
 f - 3 potions of agility {unknown}
 g - 4 potions of brilliance
 h - 10 potions of curing
 m - a potion of magic {unknown}
 p - 3 potions of mutation
 q - 2 potions of haste {unknown}
 t - 5 potions of lignification
 w - a potion of cancellation {unknown}
 x - a potion of ambrosia {unknown}
 z - 2 potions of flight
 A - a potion of berserk rage
 D - a potion of might {unknown}
 O - 3 potions of heal wounds
 P - 2 potions of resistance {unknown}
Miscellaneous
 j - a phantom mirror
Comestibles
 e - 17 rations {!d}


   Skills:
 - Level 10.6 Fighting
 + Level 15.0 Long Blades
 - Level 2.0 Throwing
 + Level 12.5 Dodging
 - Level 5.4 Shields
 - Level 6.0 Spellcasting
 + Level 6.1 Conjurations


You had 19 spell levels left.
You knew the following spells:

 Your Spells              Type           Power        Failure   Level  Hunger
a - Fireball              Conj/Fire      ###.......   85%         5    #####..

Your spell library contained the following spells:

 Spells                   Type           Power        Failure   Level  Hunger
 Flame Tongue             Conj/Fire      ###..        6%          1    None
 Conjure Flame            Conj/Fire      ###.....     17%         3    ##.....
 Stone Arrow              Conj/Erth      ###...       17%         3    ##.....
 Infusion                 Chrm           #.......     21%         1    None
 Sandblast                Erth           #.....       21%         1    None
 Ensorcelled Hibernation  Hex/Ice        #.....       30%         2    None
 Flaming Arrows           Chrm/Fire      #.......     30%         2    None
 Passwall                 Tmut/Erth      #.......     30%         2    None
 Song of Slaying          Chrm           #.......     30%         2    None
 Swiftness                Chrm/Air       #.......     30%         2    None
 Fulminant Prism          Conj/Hex       ###.......   50%         4    ####...
 Sticky Flame             Conj/Fire      ###.....     50%         4    ####...
 Inner Flame              Hex/Fire       N/A          52%         3    ##.....
 Ozocubu's Armour         Chrm/Ice       #.......     52%         3    ##.....
 Regeneration             Chrm/Necr      #.........   52%         3    ##.....
 Spectral Weapon          Hex/Chrm       #.......     52%         3    ##.....
 Agony                    Necr           #.......     90%         4    ####...
 Ice Form                 Ice/Tmut       #.......     90%         4    ####...
 Petrify                  Tmut/Erth      #.........   90%         4    ####...
 Lee's Rapid Deconstruct  Erth           #.........   99%         5    #####..
 Borgnjor's Vile Clutch   Necr/Erth      #.........   100%        6    #######
 Conjure Ball Lightning   Conj/Air       ###.......   100%        6    #######
 Darkness                 Hex            #.........   100%        6    #######
 Infestation              Hex/Tmut/Pois  #........    100%        6    #######
 Statue Form              Tmut/Erth      #........    100%        6    #######
 Orb of Destruction       Conj           ####......   100%        7    #######
 Shadow Creatures         Summ           N/A          100%        7    #######
 Spellforged Servitor     Conj/Summ      ###.......   100%        7    #######
 Time Stop                Chrm/Tloc      N/A          100%        8    #######


Dungeon Overview and Level Annotations

Branches:
Dungeon (12/12)            Temple (1/1) D:6            Lair (3/6) D:8
    Orc (0/1) D:8          Vaults (0/3) D:11         Depths (0/5) D:12
  Swamp: Lair:2-4    Shoals: Lair:2-4     Snake: Lair:2-4    Spider: Lair:2-4

Altars:
Ashenzari
Cheibriados
Dithmenos
Elyvilon
Fedhas
Gozag
Hepliaklqana
Kikubaaqudgha
Lugonu
Makhleb
Nemelex Xobeh
Okawaru
Qazlal
Ru
Sif Muna
Trog
Uskayaw
Vehumet
Wu Jian
Xom
Yredelemnul
Zin
The Shining One

Shops:
D:5 [   D:8 =   D:11 *

Annotations:
D:3 3 runed translucent doors, AndrolTheGreedy's ghost, novice SpWz
D:4 3 runed translucent doors, kosoiffoigrumme1174's ghost, amateur TrAc
Lair:2 2 transporters, Cris's ghost, journeyman SDEE
Lair:3 2 transporters, Dair's ghost, journeyman DsGl IceCv 1 transporter, exclusion: ice statue


Innate Abilities, Weirdness & Mutations

You can breathe bolts of dispelling energy.
Your rich purple scales are hard. (AC +8)
You cannot fit into any form of body armour.
You are cold-blooded and may be slowed by cold attacks.


Message History

The ice beast is severely wounded.
You block the ice beast's attack. You block the ice beast's attack.
The ice statue glitters chillingly in the dim dungeon light.
You see here a scroll of identify.
The ice statue gestures at you.
The freezing cloud engulfs the ice beast.
The ice beast completely resists.
You block the ice beast's attack.
You see here a ration {!d}.
You are engulfed in freezing vapours.
You block the ice beast's attack. The ice statue gestures at you.
The freezing cloud engulfs you!
* * * LOW HITPOINT WARNING * * *
You are engulfed in freezing vapours.
You feel yourself slow down.
* * * LOW HITPOINT WARNING * * *
The ice beast completely misses you. The ice statue gestures at you.
The freezing cloud engulfs you!
You die...
Your body crumbles into a pile of gold.

#######
##.....##
##...∩...##
##.........##
#.....©.....#
#...°.......#
##..○..$.....##
#.☼☼○@........#
#.☼☼☼8Y..$....#
#..○☼Y.°......#
##..°.○○(....##
#...8.°.8...#
##...$©$...##
###########


You could see an ice statue and 2 ice beasts.

Vanquished Creatures
  Psyche (D:8)
  2 hydras
  A catoblepas (D:9)
  3 two-headed ogres (D:12)
  An ogre mage (D:12)
  A tengu warrior (D:11)
  3 centaur warriors
  A wizard (D:12)
  An unseen horror (D:12)
  A cyclops (D:10)
  A necromancer (D:12)
  5 ugly things
  An orc sorcerer (D:12)
  3 deep elf magi
  2 black mambas (Lair:3)
  2 naga magi (D:12)
  An ice statue (IceCv)
  A cane toad (Lair:2)
  4 komodo dragons
  5 kobold demonologists
  7 rime drakes
  A wolf spider simulacrum (D:12)
  6 trolls
  2 tengu conjurers
  Prince Ribbit (Lair:1)
  6 blink frogs
  2 harpy skeletons (D:12)
  A hornet (D:7)
  A slime creature (D:10)
  7 hippogriffs
  2 dream sheep (D:8)
  A meliai zombie (D:10)
  2 shadows
  20 yaks
  4 wyverns
  3 hungry ghosts
  13 steam dragons
  Menkaure (D:4)
  A two-headed ogre zombie (D:8)
  An acid dragon (D:8)
  A harpy simulacrum (D:12)
  4 crocodiles
  4 water moccasins
  A cane toad skeleton (D:10)
  A porcupine (Lair:1)
  4 orc warriors
  8 ice beasts
  2 sky beasts
  2 phantoms
  6 wolves (Lair:2)
  9 ogres
  9 bullfrogs
  5 kobold brigands
  2 wyvern skeletons
  11 centaurs
  2 scorpions
  5 troll zombies (D:8)
  16 wights
  13 killer bees
  3 howler monkeys
  2 electric eels (Lair:1)
  9 orc priests
  A bullfrog zombie (D:7)
  4 crimson imps
  12 hounds
  3 jellies
  3 quasits
  10 orc wizards
  3 bullfrog skeletons
  2 iguanas
  7 worker ants
  2 ogre zombies (D:8)
  2 hound skeletons (D:6)
  4 mummies (Ossuary)
  4 gnolls (D:5)
  15 adders
  3 shadow imps
  12 white imps (Lair:3)
  An ooze (D:3)
  2 adder zombies
  3 adder skeletons
  3 worms
  A dart slug (D:4)
  6 leopard geckos
  30 orcs
  2 ball pythons
  3 giant cockroaches
  A goblin (D:2)
  11 hobgoblins
  5 jackals
  3 quokkas
  5 bats
  5 frilled lizards
  5 goblin zombies
  A hobgoblin skeleton (D:8)
  3 hobgoblin zombies (D:8)
  18 kobolds
  5 kobold zombies (Ossuary)
  2 orc skeletons (D:8)
  17 orc zombies (D:8)
  7 rats
  A butterfly (Lair:1)
468 creatures vanquished.

Vanquished Creatures (others)
  2 dancing weapons
  A deep elf knight (D:10)
  An unseen horror (D:10)
  2 cyclopes (D:11)
  An ugly thing (D:10)
  A freezing wraith (D:10)
  An acid dragon (D:10)
  2 centaurs
  An orc (D:7)
  A fungus (Lair:3)
  2 plants (Lair:3)
15 creatures vanquished.

Grand Total: 483 creatures vanquished

Notes
Turn   | Place    | Note
-------+----------+-------------------------------------------
     0 | D:1      | KristoblXynda the Draconian Gladiator began the quest for
                  | the Orb.
     0 | D:1      | Reached XP level 1. HP: 19/19 MP: 1/1
   476 | D:1      | Reached XP level 2. HP: 18/26 MP: 2/2
   969 | D:2      | Reached XP level 3. HP: 33/33 MP: 3/3
  1042 | D:2      | Found a faded altar of an unknown god.
  1894 | D:3      | Found a hide-covered altar of Uskayaw.
  1896 | D:3      | Found a runed translucent gate.
  1896 | D:3      | Found a runed translucent gate.
  1896 | D:3      | Found a runed translucent gate.
  1897 | D:3      | Noticed a kobold brigand
  1897 | D:3      | Noticed AndrolTheGreedy's ghost (novice SpWz)
  1920 | D:3      | Reached XP level 4. HP: 36/40 MP: 4/4
  1979 | D:3      | Reached skill level 4 in Long Blades
  2099 | D:3      | Found a shimmering altar of Xom.
  2147 | D:3      | Reached XP level 5. HP: 21/46 MP: 5/5
  2517 | D:3      | Identified the +11 dagger of Instinct {venom, Str+3}
  2908 | D:3      | Noticed a sky beast
  3164 | D:4      | Noticed kosoiffoigrumme1174's ghost (amateur TrAc)
  3169 | D:4      | Found a snail-covered altar of Cheibriados.
  3170 | D:4      | Noticed Menkaure
  3189 | D:4      | Killed Menkaure
  3190 | D:4      | Reached skill level 5 in Long Blades
  3190 | D:4      | Reached XP level 6. HP: 9/53 MP: 6/6
  3208 | D:4      | Found an ornate altar of the Wu Jian Council.
  3214 | D:4      | Found a runed translucent gate.
  3214 | D:4      | Found a runed translucent gate.
  3214 | D:4      | Found a runed translucent gate.
  3215 | D:4      | Noticed a two-headed ogre
  3231 | D:4      | Found a sand-covered staircase.
  3242 | Ossuary  | Entered an ossuary
  3705 | Ossuary  | Reached skill level 5 in Fighting
  3832 | D:4      | Your scales start taking on a rich purple colour.
  3832 | D:4      | Reached XP level 7. HP: 56/61 MP: 7/7
  3837 | D:4      | Reached skill level 6 in Long Blades
  4078 | D:4      | Found a radiant altar of Vehumet.
  4346 | D:5      | Entered Level 5 of the Dungeon
  4355 | D:5      | Found a blossoming altar of Fedhas.
  4576 | D:5      | Reached skill level 7 in Long Blades
  4576 | D:5      | Reached skill level 5 in Dodging
  4576 | D:5      | Reached XP level 8. HP: 32/70 MP: 8/8
  4642 | D:5      | Found a sparkling altar of Nemelex Xobeh.
  4714 | D:5      | Found Baodesej's Antique Armour Shoppe.
  4721 | D:5      | Bought a dazzling buckler for 266 gold pieces
  4723 | D:5      | Identified the +2 buckler of Lanuiq {Int+7 Dex+5 Stlth-}
                  | (You bought it in a shop on level 5 of the Dungeon)
  4923 | D:5      | Reached skill level 1 in Shields
  5244 | D:6      | Noticed a troll
  5278 | D:6      | Killed a troll
  5279 | D:6      | Reached skill level 8 in Long Blades
  5427 | D:6      | Noticed a hippogriff
  5485 | D:6      | Killed a hippogriff
  5486 | D:6      | Reached skill level 9 in Long Blades
  5486 | D:6      | Reached XP level 9. HP: 43/75 MP: 9/9
  5695 | D:6      | Found a corrupted altar of Lugonu.
  5860 | D:6      | Found a staircase to the Ecumenical Temple.
  5869 | Temple   | Entered the Ecumenical Temple
  5954 | Temple   | Became a worshipper of Gozag Ym Sagoz the Greedy
  6336 | D:6      | Found a hazy altar of Hepliaklqana.
  6950 | D:7      | Noticed a deep elf mage
  6975 | D:7      | Noticed a soul eater
  6999 | D:7      | Reached skill level 10 in Long Blades
  7022 | D:7      | Killed a deep elf mage
  7023 | D:7      | Reached skill level 5 in Shields
  7310 | D:7      | Found a glowing silver altar of Zin.
  7494 | D:7      | Reached XP level 10. HP: 83/83 MP: 10/10
  7975 | D:8      | Found a shadowy altar of Dithmenos.
  7993 | D:8      | Found a sacrificial altar of Ru.
  7995 | D:8      | Found a bloodstained altar of Trog.
  7995 | D:8      | Found a stormy altar of Qazlal.
  8030 | D:8      | Got an encrusted quarterstaff
  8077 | D:8      | Noticed Psyche
  8092 | D:8      | Killed Psyche
  8093 | D:8      | Reached skill level 11 in Long Blades
  8454 | D:8      | Noticed a three-headed hydra
  8467 | D:8      | Killed a four-headed hydra
  8570 | D:8      | Found a staircase to the Orcish Mines.
  8932 | D:8      | Found Vealior's Jewellery Emporium.
  8946 | D:7      | Reached XP level 11. HP: 75/94 MP: 11/11
  9157 | D:8      | Bought a +6 amulet of reflection for 781 gold pieces
  9453 | D:8      | Found a staircase to the Lair.
  9797 | D:9      | Noticed a catoblepas
  9813 | D:9      | Killed a catoblepas
 10063 | D:9      | Found an opulent altar of Gozag.
 10092 | D:9      | Reached skill level 12 in Long Blades
 10349 | D:9      | Got a bound ivory ring
 10351 | D:9      | Identified the cursed ring of the Harvest {+Fly rElec Str-4
                  | Stlth--} (You found it on level 9 of the Dungeon)
 10766 | D:10     | Entered Level 10 of the Dungeon
 10852 | D:10     | Noticed a soul eater
 10865 | D:10     | Noticed a sun demon
 11075 | D:10     | Noticed a centaur warrior
 11086 | D:10     | Killed a centaur warrior
 11107 | D:10     | Noticed a red ugly thing
 11130 | D:10     | Killed a red ugly thing
 11131 | D:10     | Reached skill level 10 in Fighting
 11220 | D:10     | Noticed a deep elf mage
 11220 | D:10     | Noticed a deep elf knight
 11221 | D:10     | Noticed a cyan ugly thing
 11226 | D:10     | Killed an unseen horror
 11226 | D:10     | Killed a deep elf knight
 11226 | D:10     | Killed a cyan ugly thing
 11227 | D:10     | Reached skill level 10 in Dodging
 11227 | D:10     | Reached XP level 12. HP: 43/107 MP: 12/12
 11535 | D:10     | Reached skill level 13 in Long Blades
 11572 | D:10     | Learned a level 5 spell: Fireball
 11668 | D:10     | Reached skill level 1 in Spellcasting
 12291 | D:10     | Got a transparent broad axe
 12341 | D:11     | Noticed a tengu warrior
 12362 | D:11     | Killed a tengu warrior
 12444 | D:11     | Found a gate to the Vaults.
 12809 | D:11     | Got a crude brass ring
 12927 | D:11     | Reached skill level 5 in Spellcasting
 13123 | D:11     | Found Tisaec's Assorted Antiques.
 13130 | D:11     | Bought a scroll of teleportation for 72 gold pieces
 13130 | D:11     | Bought a scroll labeled SUNONI HAH TIOLE for 24 gold pieces
 13130 | D:11     | Bought a scroll of teleportation for 72 gold pieces
 13130 | D:11     | Bought a buzzing scimitar for 216 gold pieces
 13130 | D:11     | Bought a scroll of remove curse for 72 gold pieces
 13130 | D:11     | Bought a glowing hat for 168 gold pieces
 13132 | D:11     | Identified the ring "Touwup" {+Fly rN+} (You found it on
                  | level 11 of the Dungeon)
 13133 | D:11     | Identified the +6 scimitar "Obaej" {drain, rF+ Str+4} (You
                  | bought it in a shop on level 11 of the Dungeon)
 13608 | D:12     | Entered Level 12 of the Dungeon
 13729 | D:12     | Reached XP level 13. HP: 76/114 MP: 20/22
 13828 | D:12     | Found a white marble altar of Elyvilon.
 14106 | D:12     | Reached skill level 14 in Long Blades
 14125 | D:12     | Reached skill level 1 in Conjurations
 14297 | D:12     | HP: 4/114 [something/bolt of cold (36)]
 14504 | D:12     | Found a staircase to the Depths.
 15179 | D:5      | Bought the +0 pair of fencer's gloves {Riposte Dex+6} for
                  | 1260 gold pieces
 15179 | D:5      | Found the +0 pair of fencer's gloves {Riposte Dex+6}
 15179 | D:5      | Bought a pair of boots for 126 gold pieces
 15377 | Lair:1   | Entered Level 1 of the Lair of Beasts
 15386 | Lair:1   | Got a scorched whip
 15513 | Lair:1   | Noticed Prince Ribbit
 15518 | Lair:1   | Killed Prince Ribbit
 15702 | Lair:1   | Identified Vufips's Incunabulum of Dark Transmutation
 16496 | Lair:2   | Found a transporter.
 16522 | Lair:2   | Noticed Cris's ghost (journeyman SDEE)
 16547 | Lair:2   | Found a transporter.
 16697 | Lair:2   | Got a steaming copper ring
 17051 | Lair:3   | Reached skill level 5 in Conjurations
 17360 | Lair:3   | Noticed Dair's ghost (journeyman DsGl)
 17380 | Lair:3   | Found a transporter.
 17389 | Lair:3   | Found a transporter.
 17665 | Lair:3   | Found a frozen archway.
 17716 | IceCv    | Entered an ice cave
 17718 | IceCv    | Identified the ring "Garetzun" {Fire Str+4 SInv Stlth-}
                  | (You found it on level 2 of the Lair of Beasts)
 17754 | IceCv    | Found a transporter.
 17775 | IceCv    | Found a transporter.
 17786 | IceCv    | Reached skill level 15 in Long Blades
 17791 | IceCv    | Killed from afar by an ice statue

Skill      XL: |  1  2  3  4  5  6  7  8  9 10 11 12 13 |
---------------+----------------------------------------+-----
Throwing       | 2 |  2.0
Dodging        | 3 4 5 6 7 8 10 11 12 | 12.5
Long Blades    | 4 5 7 9 10 11 12 13 15 | 15.0
Fighting       | 4 5 6 8 10 | 10.6
Shields        | 3 5 |  5.4
Spellcasting   | 6 |  6.0
Conjurations   | 6 |  6.1

Action                   |  1- 3 |  4- 6 |  7- 9 | 10-12 | 13-15 || total
-------------------------+-------+-------+-------+-------+-------++-------
Melee: Long sword        |   123 |   189 |   441 |    52 |       ||   805
       Tailslap          |    19 |    54 |   137 |   321 |   153 ||   684
       Scimitar          |       |       |       |   835 |   327 ||  1162
 Abil: Breathe Dispellin |       |       |     4 |     2 |       ||     6
       Evoke Flight      |       |       |       |       |     1 ||     1
Evoke: Wand              |       |     2 |     1 |     7 |       ||    10
  Use: Potion            |       |     3 |     1 |     1 |     1 ||     6
       Scroll            |       |     5 |     5 |    14 |     7 ||    31
 Stab: Sleeping          |     7 |    11 |    15 |     4 |     1 ||    38
       Distracted        |       |     1 |     1 |     7 |     5 ||    14
  Eat: Chunk             |     5 |    13 |    15 |       |       ||    33
       Ration            |       |     1 |     1 |    11 |     5 ||    18
Armor: Skin              |    37 |    47 |    79 |   114 |    20 ||   297
Dodge: Dodged            |    81 |   106 |   222 |   436 |   124 ||   969
Block: Other             |       |     2 |     8 |       |       ||    10
       Buckler           |       |       |   154 |   735 |   291 ||  1180
       Reflection        |       |       |       |    40 |    11 ||    51
       Rpst.: Scimitar   |       |       |       |       |    45 ||    45
